AoeStats
← Chill_Deep

Arena

507963927Analyzed
4v4 RM · 12d ago on Sep 20, 2026· 48m 3s· 8 players
Game mode
Random Map
Map size
Large (8 player)
Population
200
Speed
Normal
Resources
Standard
Victory
Conquest
Starting age
Dark Age
Ending age
Imperial Age
RankedLock teamsTeams togetherTeam positionsShared explorationLock speedFull tech treeHidden civsTurbo modeCheats
Victory
Defeat
🇺🇸 Bohemians · United States
1096
+14
🇦🇺 Huns · Australia
1065
+15
🇧🇪 Dravidians · Belgium
1048
+16
🇦🇷 Mongols · Argentina
1043
+16
🇬🇧 Huns · United Kingdom
1122
-17
🇧🇷 Bohemians · Brazil
1065
-16
🇨🇦 Lithuanians · Canada
1018
-14
🇨🇿 Ethiopians · Czechia
1004
-14
AbIGwAteRmElOn
11:03 Feudal Age
9:33 Loom
12:16 Horse Collar
20:33 Castle Age
18:44 Double-Bit Axe
19:20 Gold Mining
19:26 Stone Mining
20:17 Town Watch
21:08 Wheelbarrow
21:20 Caravan
21:27 Heavy Plow
23:30 Bow Saw
25:36 Gold Shaft Mining
31:01 Imperial Age
29:28 Fletching
29:49 Forging
29:45 Scale Barding Armor
30:24 Husbandry
30:34 Bloodlines
31:08 Hand Cart
32:30 Conscription
32:22 Town Patrol
33:06 Chain Barding Armor
33:22 Iron Casting
34:19 Two-Man Saw
33:57 Bloodlines
33:08 Cavalier
34:31 Marauders
34:04 Light Cavalry
35:23 Plate Barding Armor
34:54 Hussar
36:46 Blast Furnace
36:43 Elite Tarkan
41:39 Paladin
46:07 Coinage
45:47 Guilds
46:53 Banking
FlowCycling
10:43 Feudal Age
11:51 Man-at-Arms
15:32 Castle Age
13:51 Horse Collar
15:14 Man-at-Arms
16:02 Long Swordsman
16:44 Squires
16:35 Double-Bit Axe
16:43 Loom
18:32 Gambesons
26:32 Heavy Plow
27:58 Ballistics
30:34 Imperial Age
28:45 Gold Mining
28:47 Stone Mining
29:03 Elite Skirmisher
29:50 Thumb Ring
30:10 Masonry
30:52 Onager
31:00 Two-Handed Swordsman
32:00 Bow Saw
33:14 Chemistry
32:28 Fortified Wall
35:27 Wheelbarrow
35:57 Two-Man Saw
37:55 Padded Archer Armor
37:45 Fletching
38:11 Caravan
41:24 Leather Archer Armor
41:04 Bodkin Arrow
41:20 Forging
41:11 Scale Mail Armor
40:34 Champion
44:20 Iron Casting
47:40 Bracer
48:11 Ring Archer Armor
48:41 Blast Furnace
47:57 Chain Mail Armor
Lilygold
8:42 Feudal Age
9:20 Double-Bit Axe
15:52 Castle Age
14:51 Stone Mining
15:00 Horse Collar
17:38 Bow Saw
23:21 Heavy Plow
25:06 Gold Mining
25:21 Caravan
29:00 Gold Shaft Mining
29:06 Wheelbarrow
28:33 Fletching
28:45 Padded Archer Armor
29:37 Stone Shaft Mining
32:21 Imperial Age
30:24 Bodkin Arrow
30:45 Leather Archer Armor
32:29 Elite Mangudai
33:25 Husbandry
33:35 Bloodlines
32:46 Light Cavalry
33:55 Bracer
34:19 Ballistics
35:00 Chemistry
34:30 Onager
36:07 Forging
36:03 Scale Barding Armor
36:17 Siege Engineers
36:57 Thumb Ring
37:18 Parthian Tactics
36:55 Hussar
38:19 Conscription
41:01 Iron Casting
40:48 Chain Barding Armor
41:17 Conscription
43:36 Blast Furnace
43:23 Capped Ram
45:21 Drill
46:42 Siege Ram
Chill_Deep
7:00 Loom
10:10 Feudal Age
11:00 Double-Bit Axe
13:07 Horse Collar
16:54 Castle Age
16:08 Town Watch
18:26 Bow Saw
18:19 Heavy Plow
19:52 Scale Mail Armor
22:47 Fervor
29:54 Imperial Age
27:52 Pikeman
28:33 Squires
29:11 Forging
30:21 Wheelbarrow
29:53 Town Patrol
30:50 Chain Mail Armor
31:56 Chemistry
31:17 Ballistics
32:08 Plate Mail Armor
32:50 Iron Casting
32:55 Halberdier
36:10 Two-Man Saw
35:18 Caravan
36:16 Conscription
37:11 Houfnice
42:40 Blast Furnace
41:32 Fletching
41:42 Padded Archer Armor
43:56 Hand Cart
AngryArtifact
10:55 Feudal Age
11:28 Double-Bit Axe
13:04 Horse Collar
20:17 Castle Age
18:43 Gold Mining
20:07 Wheelbarrow
20:46 Pikeman
21:52 Forging
21:55 Bow Saw
21:26 Elite Skirmisher
22:48 Hand Cart
23:11 Fletching
23:56 Padded Archer Armor
31:33 Imperial Age
28:58 Stone Mining
31:24 Stone Shaft Mining
32:12 Squires
31:47 Halberdier
32:50 Heavy Plow
34:37 Thumb Ring
35:54 Bodkin Arrow
39:09 Conscription
39:43 Leather Archer Armor
39:58 Scale Mail Armor
41:21 Chain Mail Armor
43:06 Scale Barding Armor
44:29 Elite Leitis
46:11 Bracer
46:46 Iron Casting
47:23 Ring Archer Armor
iBenj
9:52 Feudal Age
10:18 Double-Bit Axe
13:27 Loom
16:27 Castle Age
18:58 Forging
24:19 Scale Barding Armor
26:20 Husbandry
27:23 Iron Casting
27:38 Horse Collar
28:49 Bloodlines
31:28 Imperial Age
29:22 Marauders
34:59 Blast Furnace
40:36 Chain Barding Armor
42:32 Elite Tarkan
42:43 Light Cavalry
45:31 Hussar
46:55 Wheelbarrow
Bc. .
10:25 Feudal Age
14:25 Castle Age
12:39 Horse Collar
12:58 Double-Bit Axe
19:22 Fletching
21:57 Padded Archer Armor
22:50 Ballistics
25:18 Thumb Ring
25:48 Forging
27:22 Town Watch
29:05 Squires
30:34 Leather Archer Armor
30:15 Bodkin Arrow
33:37 Imperial Age
31:58 Bow Saw
31:53 Heavy Plow
32:30 Wheelbarrow
32:52 Caravan
33:24 Scale Mail Armor
34:47 Bracer
34:53 Scale Barding Armor
35:19 Ring Archer Armor
35:09 Chain Mail Armor
35:30 Iron Casting
35:08 Heavy Cavalry Archer
35:11 Light Cavalry
37:06 Chemistry
35:59 Halberdier
37:19 Elite Skirmisher
38:38 Scale Barding Armor
39:21 Husbandry
40:26 Chain Barding Armor
45:31 Hussar
MADdu
9:25 Feudal Age
11:01 Double-Bit Axe
11:31 Horse Collar
17:23 Castle Age
20:43 Loom
22:03 Bow Saw
23:51 Chemistry
26:12 Wheelbarrow
25:44 Heavy Plow
31:24 Imperial Age
30:14 Fortified Wall
30:55 Elite Skirmisher
34:22 Hand Cart
33:53 Town Watch
35:53 Two-Man Saw
39:51 Siege Engineers
40:07 Bombard Tower
Connection lost

Rejoining the realm…

Still unreachable

The connection could not be restored.

Session expired

The server has moved on; the page needs a fresh start.